 Dungeon Crawl Stone Soup version 0.25-a0-108-gda8bd6cf83 (webtiles) character file.

Game seed: 12235972687592978021, levelgen mode: deterministic

23900 DavidChitty2 the Severer (level 13, -1/116 HPs)
             Began as a Hill Orc Fighter on Nov 17, 2019.
             Was a High Priest of Sif Muna.
             Slain by a 15-headed hydra (2 damage)
             ... on level 2 of the Lair of Beasts.
             The game lasted 00:25:13 (15894 turns).

DavidChitty2 the Severer (Hill Orc Fighter)        Turns: 15894, Time: 00:25:14

Health: -1/116     AC: 26    Str: 27    XL:     13   Next: 9%
Magic:  20/20      EV:  7    Int:  8    God:    Sif Muna [*****.]
Gold:   448        SH: 13    Dex: 10    Spells: 12/12 levels left

rFire    . . .     SeeInvis +   a - +3 war axe (venom)
rCold    . . .     Gourm    .   c - +1 shield
rNeg     . . .     Faith    .   C - +0 plate armour
rPois    .         Spirit   .   y - +2 helmet
rElec    .         Reflect  .   q - +2 cloak
rCorr    .         Harm     .   r - +0 pair of gloves {archery}
MR       .....                  A - +2 pair of boots {Stlth+}
Stlth    ..........             (no amulet)
HPRegen  0.29/turn              b - +3 ring of strength
MPRegen  0.17/turn              z - ring of see invisible

@: no status effects
A: no striking features
a: Channel Magic, Forget Spell, Divine Exegesis, Renounce Religion


You were on level 2 of the Lair of Beasts.
You worshipped Sif Muna.
Sif Muna was extremely pleased with you.
You were hungry.

You visited 3 branches of the dungeon, and saw 15 of its levels.

You collected 1152 gold pieces.
You spent 704 gold pieces at shops.

Inventory:

Hand Weapons
 a - a +3 war axe of venom (weapon)
   (You bought it in a shop on level 11 of the Dungeon)
Armour
 c - a +1 shield (worn)
 q - a +2 cloak (worn)
   (You bought it in a shop on level 5 of the Dungeon)
 r - a +0 pair of gloves of archery (worn)
   (You bought it in a shop on level 5 of the Dungeon)
 y - a +2 helmet (worn)
   (You found it on level 3 of the Lair of Beasts)
 A - a +2 pair of boots of stealth (worn)
   (You bought it in a shop on level 5 of the Dungeon)
 C - a +0 plate armour (worn)
   (You took it off an orc warrior on level 9 of the Dungeon)
 K - +0 acid dragon scales
   (You found it on level 11 of the Dungeon)
Jewellery
 b - a +3 ring of strength (left hand)
   (You found it on level 2 of the Dungeon)
 l - an uncursed ring of ice
   (You found it on level 2 of the Lair of Beasts)
 u - an uncursed ring of wizardry
   (You found it on level 7 of the Dungeon)
 v - an uncursed ring of magical power
   (You found it on level 6 of the Dungeon)
 z - a ring of see invisible (right hand)
   (You found it on level 6 of the Dungeon)
 I - an uncursed ring of resist corrosion
   (You found it on level 11 of the Dungeon)
Wands
 p - a wand of enslavement (6)
   (You found it on level 9 of the Dungeon)
 B - a wand of polymorph (4)
   (You found it on level 10 of the Dungeon)
Scrolls
 f - 4 scrolls of remove curse {@r2}
 g - 4 scrolls of teleportation {@r4}
 k - 2 scrolls of enchant armour
 t - 2 scrolls of enchant weapon
 x - a scroll of fear
 D - 2 scrolls of immolation {!r}
 J - a scroll of magic mapping
 L - a scroll of identify {@r1}
Potions
 d - 2 potions of might
 h - 2 potions of flight
 i - 5 potions of magic
 j - 2 potions of curing {@q1}
 m - 2 potions of resistance
 n - 2 potions of agility
 o - 4 potions of invisibility
 s - 3 potions of mutation {!q}
 w - a potion of lignification {!q}
 E - 2 potions of heal wounds {@q2}
 G - 3 potions of haste {@q3}
 H - a potion of brilliance
 N - a potion of cancellation
Comestibles
 e - 26 rations {!d}


   Skills:
 + Level 11.3 Fighting
 * Level 15.9 Axes
 + Level 10.4 Armour
 + Level 10.4 Shields
 + Level 10.5 Invocations


You had 12 spell levels left.
You didn't know any spells.
Your spell library contained the following spells:

 Spells                   Type           Power        Failure   Level  Hunger
 Animate Skeleton         Necr           N/A          100%        1    ##.....
 Apportation              Tloc           #.....       100%        1    ##.....
 Confusing Touch          Hex            #.....       100%        1    ##.....
 Corona                   Hex            #......      100%        1    ##.....
 Infusion                 Chrm           #...         100%        1    ##.....
 Magic Dart               Conj           #...         100%        1    ##.....
 Summon Small Mammal      Summ           #...         100%        1    ##.....
 Call Imp                 Summ           #.......     100%        2    ###....
 Ensorcelled Hibernation  Hex/Ice        #.....       100%        2    ###....
 Passwall                 Tmut/Erth      #.......     100%        2    ###....
 Searing Ray              Conj           #.....       100%        2    ###....
 Shroud of Golubria       Chrm/Tloc      #.....       100%        2    ###....
 Song of Slaying          Chrm           #.......     100%        2    ###....
 Swiftness                Chrm/Air       #.......     100%        2    ###....
 Call Canine Familiar     Summ           #.......     100%        3    ####...
 Confuse                  Hex            #.......     100%        3    ####...
 Dazzling Spray           Conj/Hex       #.....       100%        3    ####...
 Regeneration             Chrm/Necr      #.........   100%        3    ####...
 Spectral Weapon          Hex/Chrm       #.......     100%        3    ####...
 Summon Guardian Golem    Hex/Summ       #.......     100%        3    ####...
 Tukima's Dance           Hex            #.......     100%        3    ####...
 Force Lance              Conj/Tloc      #.......     100%        4    #####..
 Fulminant Prism          Conj/Hex       #.........   100%        4    #####..
 Iskenderun's Mystic Bla  Conj           #.......     100%        4    #####..
 Passage of Golubria      Tloc           N/A          100%        4    #####..
 Summon Ice Beast         Ice/Summ       #.......     100%        4    #####..
 Summon Lightning Spire   Summ/Air       #.......     100%        4    #####..
 Lee's Rapid Deconstruct  Erth           #.........   100%        5    ######.
 Darkness                 Hex            #.........   100%        6    #######
 Invisibility             Hex            #.......     100%        6    #######


Dungeon Overview and Level Annotations

Branches:
Dungeon (11/15)            Temple (1/1) D:5            Lair (3/6) D:11
 Shoals (0/4) Lair:2       Spider (0/4) Lair:2          Orc (0/2) D:11

Altars:
Ashenzari
Cheibriados
Dithmenos
Elyvilon
Fedhas
Gozag
Hepliaklqana
Kikubaaqudgha
Makhleb
Nemelex Xobeh
Okawaru
Qazlal
Ru
Sif Muna
Trog
Uskayaw
Vehumet
Wu Jian
Xom
Yredelemnul
Zin
The Shining One

Shops:
D:5 [   D:11 (


Message History

You block the 11-headed hydra's attack. x2
The 11-headed hydra bites you but does no damage. x3
You block the 11-headed hydra's attack. The 11-headed hydra bites you!
You chop one of the 11-headed hydra's heads off!
The ten-headed hydra grows two more!
You slice the 12-headed hydra!!
You slice one of the 12-headed hydra's heads off!
The 11-headed hydra grows two more!
You slash the 13-headed hydra! The 13-headed hydra bites you!
* * * LOW HITPOINT WARNING * * *
You block the 13-headed hydra's attack. The 13-headed hydra bites you!
* * * LOW HITPOINT WARNING * * *
The 13-headed hydra barely misses you. You block the 13-headed hydra's attack.
The 13-headed hydra barely misses you.
The 13-headed hydra bites you but does no damage.
The 13-headed hydra bites you!
* * * LOW HITPOINT WARNING * * *
You block the 13-headed hydra's attack.
The 13-headed hydra bites you but does no damage.
The 13-headed hydra barely misses you. The 13-headed hydra bites you.
* * * LOW HITPOINT WARNING * * *
The 13-headed hydra bites you.
* * * LOW HITPOINT WARNING * * *
You barely miss the 13-headed hydra.
You block the 13-headed hydra's attack. x3
The 13-headed hydra barely misses you. You block the 13-headed hydra's attack.
The 13-headed hydra bites you but does no damage. x4
The 13-headed hydra barely misses you. The 13-headed hydra bites you!
* * * LOW HITPOINT WARNING * * *
The 13-headed hydra bites you but does no damage.
The 13-headed hydra bites you!
* * * LOW HITPOINT WARNING * * *
Unknown command.
You slice one of the 13-headed hydra's heads off!
The 12-headed hydra grows two more!
You slash the 14-headed hydra!
You lop one of the 14-headed hydra's heads off!
The 13-headed hydra grows two more!
You hit the 15-headed hydra. The 15-headed hydra bites you.
* * * LOW HITPOINT WARNING * * *
The 15-headed hydra bites you.
* * * LOW HITPOINT WARNING * * *
The 15-headed hydra barely misses you.
You block the 15-headed hydra's attack. x2
The 15-headed hydra barely misses you.
The 15-headed hydra bites you but does no damage.
The 15-headed hydra barely misses you. You block the 15-headed hydra's attack.
The 15-headed hydra bites you!
* * * LOW HITPOINT WARNING * * *
The 15-headed hydra bites you but does no damage.
The 15-headed hydra barely misses you.
The 15-headed hydra bites you but does no damage.
You block the 15-headed hydra's attack. The 15-headed hydra bites you.
You die...

..........................#
#.........................##
##........<........#.......#
........(.....#............#
...............#..#......###
.......###...###.#####.###
...>..P###.#.##..# ###
........########D#
.........##....#@##
.......[..........#
.......##...##....#
...P..####..###...#
...P..##.#...#...##
.......##........##
..........>.......#
.......#....#....##
......##...#.#...#


You could see a 15-headed hydra.

Vanquished Creatures
  3 death yaks
  2 ugly things (D:11)
  2 cyclopes
  10 elephants (Lair:3)
  Joseph (D:7)
  4 black mambas
  A spiny frog (Lair:3)
  A komodo dragon (Lair:2)
  A demonic crawler (Lair:2)
  A rime drake (Lair:3)
  2 hornets (Lair:2)
  A troll (D:8)
  2 blink frogs (Lair:3)
  3 hippogriffs
  Prince Ribbit (Lair:3)
  30 yaks
  Sigmund (D:6)
  A basilisk (Lair:3)
  A hungry ghost (D:7)
  An acid dragon (D:11)
  A soldier ant (D:11)
  6 water moccasins
  5 porcupines
  7 orc warriors
  4 phantoms
  A sky beast (D:10)
  A black bear (D:10)
  6 ogres
  A necrophage (D:6)
  4 centaurs
  5 wolves (Lair:2)
  5 crocodiles
  12 bullfrogs
  A water moccasin zombie (D:9)
  5 scorpions
  A wyvern skeleton (D:9)
  5 killer bees (D:9)
  A howler monkey (D:8)
  5 crimson imps
  A centaur zombie (D:8)
  2 jellies (D:10)
  4 bullfrog skeletons
  19 orc wizards
  4 bullfrog zombies
  2 centaur skeletons (D:11)
  10 orc priests
  7 hounds
  Terence (D:2)
  10 worker ants
  A howler monkey zombie (D:9)
  A worker ant zombie (D:3)
  18 adders
  7 gnolls
  2 shadow imps
  2 oozes
  An adder zombie (D:3)
  3 worms
  2 dart slugs
  A leopard gecko (D:9)
  44 orcs
  9 bats
  5 giant cockroaches
  7 hobgoblins
  7 jackals
  4 kobolds
  2 quokkas
  A ball python skeleton (D:3)
  12 frilled lizards (D:1)
  7 goblins
  2 leopard gecko skeletons (D:4)
  A leopard gecko zombie (D:3)
  14 rats
  2 fungi (Lair:2)
  A plant (Lair:3)
361 creatures vanquished.

Vanquished Creatures (collateral kills)
  A shadow imp (D:9)
1 creature vanquished.

Vanquished Creatures (others)
  A killer bee (D:9)
1 creature vanquished.

Grand Total: 363 creatures vanquished

Notes
Turn   | Place    | Note
-------+----------+-------------------------------------------
     0 | D:1      | DavidChitty2 the Hill Orc Fighter began the quest for the
                  | Orb.
     0 | D:1      | Reached XP level 1. HP: 19/19 MP: 1/1
    31 | D:1      | Reached skill level 3 in Axes
    33 | D:1      | Reached XP level 2. HP: 27/27 MP: 2/2
   322 | D:1      | Reached XP level 3. HP: 28/33 MP: 3/3
   653 | D:2      | Noticed Terence
   668 | D:2      | Killed Terence
   668 | D:2      | Reached skill level 4 in Axes
   668 | D:2      | Reached XP level 4. HP: 33/40 MP: 4/4
  1017 | D:2      | Found an iron altar of Okawaru.
  1620 | D:3      | Reached XP level 5. HP: 34/47 MP: 5/5
  1752 | D:3      | Reached skill level 5 in Axes
  2228 | D:4      | Reached XP level 6. HP: 48/55 MP: 6/6
  2389 | D:4      | Noticed a phantom
  2407 | D:4      | Killed a phantom
  2407 | D:4      | Reached skill level 5 in Fighting
  2407 | D:4      | Reached skill level 6 in Axes
  2455 | D:4      | Reached XP level 7. HP: 50/61 MP: 7/7
  2676 | D:3      | Found a hide-covered altar of Uskayaw.
  2806 | D:4      | Found an ornate altar of the Wu Jian Council.
  2811 | D:4      | Reached skill level 5 in Armour
  2814 | D:4      | Reached skill level 7 in Axes
  2814 | D:4      | Reached skill level 5 in Shields
  3386 | D:5      | Entered Level 5 of the Dungeon
  3493 | D:5      | Found a staircase to the Ecumenical Temple.
  3505 | Temple   | Entered the Ecumenical Temple
  3572 | Temple   | Became a worshipper of Sif Muna the Loreminder
  3604 | D:5      | Reached skill level 1 in Invocations
  3604 | D:5      | Reached XP level 8. HP: 36/70 MP: 8/8
  3790 | D:5      | Reached skill level 8 in Axes
  4001 | D:5      | Found Ezosaas's Antique Armour Shoppe.
  4008 | D:5      | Found an ancient bone altar of Kikubaaqudgha.
  4011 | D:5      | Bought an embroidered cloak for 187 gold pieces
  4197 | D:5      | Found a white marble altar of Elyvilon.
  4203 | D:5      | Found a shadowy altar of Dithmenos.
  4688 | D:6      | Noticed Sigmund
  4696 | D:6      | Killed Sigmund
  4746 | D:6      | Reached skill level 9 in Axes
  4819 | D:6      | Reached * piety under Sif Muna
  4828 | D:6      | Reached XP level 9. HP: 40/78 MP: 11/11
  5772 | D:7      | Reached skill level 10 in Axes
  6303 | D:7      | Noticed Joseph
  6333 | D:7      | Killed Joseph
  6333 | D:7      | Reached skill level 5 in Invocations
  6674 | D:8      | Reached ** piety under Sif Muna
  6676 | D:8      | Reached XP level 10. HP: 66/88 MP: 14/14
  6682 | D:8      | Reached skill level 11 in Axes
  7476 | D:8      | Found a shimmering altar of Xom.
  7634 | D:5      | Bought a pair of runed gloves for 187 gold pieces
  7731 | D:8      | Found a sparkling altar of Nemelex Xobeh.
  8112 | D:9      | Found a sparkling altar of Nemelex Xobeh.
  8112 | D:9      | Found an opulent altar of Gozag.
  8236 | D:9      | Reached skill level 12 in Axes
  8245 | D:9      | Reached *** piety under Sif Muna
  8949 | D:10     | Entered Level 10 of the Dungeon
  8963 | D:10     | Reached XP level 11. HP: 72/97 MP: 16/16
  9611 | D:10     | Noticed a cyclops
  9612 | D:10     | Reached **** piety under Sif Muna
  9612 | D:10     | Reached skill level 13 in Axes
  9664 | D:10     | Killed a cyclops
 10351 | D:11     | Found a staircase to the Lair.
 10396 | D:11     | Noticed a purple ugly thing
 10416 | D:11     | Killed a purple ugly thing
 10434 | D:11     | Found Vism's Antique Weapon Shoppe.
 10834 | D:11     | Bought a glowing war axe for 143 gold pieces
 11405 | D:11     | Noticed a white ugly thing
 11416 | D:11     | Killed a white ugly thing
 11600 | D:11     | Found a staircase to the Orcish Mines.
 11735 | D:11     | Noticed a cyclops
 11747 | D:11     | Killed a cyclops
 11852 | Lair:1   | Entered Level 1 of the Lair of Beasts
 11860 | Lair:1   | Reached skill level 10 in Fighting
 11976 | Lair:1   | Reached skill level 14 in Axes
 12099 | Lair:1   | Reached XP level 12. HP: 102/106 MP: 18/18
 12545 | Lair:2   | Found a hole to the Spider Nest.
 12566 | Lair:2   | Reached ***** piety under Sif Muna
 12616 | Lair:2   | Received a gift from Sif Muna
 12748 | Lair:2   | Found a staircase to the Shoals.
 13660 | Lair:3   | Noticed a death yak
 13660 | Lair:3   | Noticed a death yak
 13660 | Lair:3   | Noticed a death yak
 13795 | Lair:2   | Killed a death yak
 13800 | Lair:2   | Killed a death yak
 14073 | Lair:3   | Killed a death yak
 14073 | Lair:3   | Reached skill level 15 in Axes
 14378 | Lair:3   | Noticed Prince Ribbit
 14398 | Lair:3   | Killed Prince Ribbit
 14412 | Lair:3   | Reached skill level 10 in Armour
 14416 | Lair:3   | Reached skill level 10 in Shields
 14426 | Lair:3   | Reached skill level 10 in Invocations
 14968 | D:5      | Bought a pair of runed boots for 187 gold pieces
 15127 | Lair:3   | Reached XP level 13. HP: 68/116 MP: 20/20
 15894 | Lair:2   | HP: 1/116 [15-headed hydra (7)]
 15894 | Lair:2   | Slain by a 15-headed hydra

Levels and vault maps discovered:
D:1:      onia_arrival_pentagram, layout_basic, minmay_misc_feat_pillars,
          minmay_lizard_pond
D:2:      layout_rooms, okawaru_trees_1, serial_forest,
          infiniplex_forest_lined_3_way, infiniplex_forest_end_3,
          infiniplex_forest_clump_diagonal, infiniplex_forest_clump_tiny,
          infiniplex_forest_straight_1, minmay_rat_gold_closets, uniq_terence
D:3:      lemuel_upstairs_altar, layout_loops_ring, serial_undead,
          serial_undead_a, serial_undead_e, serial_undead_a, serial_undead_b
D:4:      layout_basic, lemuel_doored_altar, first_ration, saegor_snake_ambush
D:5:      layout_loops_ring, lemuel_crystal_altar,
          amethyst_overflow_temple_binary, minmay_temple_entry_large_hall,
          serial_shops, shop, minmay_misc_feat_four_crosses
D:6:      layout_basic, uniq_sigmund
D:7:      layout_loops_ring, uniq_joseph
D:8:      layout_loops_ring, xom_teletrap_fun, enter_ossuary_5, grunt_pizzeria,
          nemelex_dance_club_becter
D:9:      layout_roguey, grunt_temple_overflow_opulence
D:10:     layout_loops_cross, minmay_microvault
D:11:     layout_stronghold, lair_entry_dummy, david_orc_4, serial_shops,
          nicolae_shop_trees, billiards_dpeg
Temple:   eino_temple_lava
Lair:1:   wander_river, layout_gridlike, infiniplex_staircase_pool_2
Lair:2:   minmay_lair_venomous_thicket, layout_cave_shapes, shoals_dummy_entry,
          nicolae_spider_entry_non_spiders
Lair:3:   layout_hall_layers, uniq_prince_ribbit2

Skill      XL: |  1  2  3  4  5  6  7  8  9 10 11 12 |
---------------+-------------------------------------+-----
Axes           | 3 4 5 6 7 9 10 12 14 15 | 15.9
Fighting       | 4 5 6 7 9 10 11 | 11.3
Shields        | 4 5 6 7 8 9 10 | 10.4
Armour         | 4 5 6 7 8 9 10 | 10.4
Invocations    | 1 3 5 7 8 10 | 10.5

Action                   |  1- 3 |  4- 6 |  7- 9 | 10-12 | 13-15 || total
-------------------------+-------+-------+-------+-------+-------++-------
Melee: War axe           |   109 |   188 |   408 |   815 |    31 ||  1551
Evoke: Wand              |       |       |       |     3 |     4 ||     7
  Use: Scroll            |       |     3 |    16 |     8 |       ||    27
       Potion            |       |       |     1 |     2 |       ||     3
 Stab: Invisible         |       |       |       |     3 |       ||     3
  Eat: Chunk             |       |     6 |    17 |    21 |     2 ||    46
       Ration            |       |       |     1 |     2 |       ||     3
Armor: Scale mail        |    55 |       |       |       |       ||    55
       Chain mail        |       |    98 |   150 |    37 |       ||   285
       Plate armour      |       |       |       |   293 |    62 ||   355
Dodge: Dodged            |    43 |    48 |    84 |   139 |    24 ||   338
Block: Shield            |    67 |    99 |   223 |   454 |    53 ||   896

Table legend:
 A = Non-vault XP
 B = Vault XP
 C = Vault XP percentage of total XP
 D = Non-vault monster count
 E = Vault monster count
 F = Vault count percentage of total count
                 A         B        C        D         E       F
            +---------+---------+-------+---------+---------+-------
      Total |   29217 |    4926 |  14.4 |     295 |      65 |  18.1
            +---------+---------+-------+---------+---------+-------
        D:1 |      31 |       7 |  18.4 |      20 |       7 |  25.9
        D:2 |      33 |      44 |  57.1 |      10 |       9 |  47.4
        D:3 |     143 |      24 |  14.4 |      22 |       4 |  15.4
        D:4 |     773 |      26 |   3.3 |      28 |       2 |   6.7
        D:5 |     464 |       0 |   0.0 |      12 |       0 |   0.0
        D:6 |    1304 |     208 |  13.8 |      27 |       1 |   3.6
        D:7 |     896 |     475 |  34.6 |      15 |       1 |   6.2
        D:8 |    1013 |     250 |  19.8 |      20 |       3 |  13.0
        D:9 |    3145 |       0 |   0.0 |      40 |       0 |   0.0
       D:10 |    3299 |     496 |  13.1 |      28 |       1 |   3.4
       D:11 |    2598 |     906 |  25.9 |      16 |      20 |  55.6
     Lair:1 |    2274 |       0 |   0.0 |      13 |       0 |   0.0
     Lair:2 |    4292 |    1686 |  28.2 |      17 |      14 |  45.2
     Lair:3 |    8952 |     804 |   8.2 |      27 |       3 |  10.0
            +---------+---------+-------+---------+---------+-------
